 Dungeon Crawl Stone Soup version 0.23.2-1-ga50397a6bc (webtiles) character file.

Game seed: 13153244007693618081

9051 FluffierThanThou the Fighter (level 11, -2/104 HPs)
             Began as a Minotaur Fighter on May 13, 2019.
             Was an Elder of Wu Jian.
             Slain by a nine-headed hydra (6 damage)
             ... on level 9 of the Dungeon.
             The game lasted 01:06:25 (10870 turns).

FluffierThanThou the Fighter (Minotaur Fighter)    Turns: 10870, Time: 01:06:26

Health: -2/104     AC: 14    Str: 22    XL:     11   Next: 18%
Magic:  11/11      EV:  8    Int:  5    God:    Wu Jian [****..]
Gold:   687        SH: 12    Dex: 14    Spells: 10/10 levels left

rFire    + . .     SeeInvis +   a - +0 war axe
rCold    . . .     Gourm    .   c - +0 shield
rNeg     . . .     Faith    .   b - +0 scale mail
rPois    .         Spirit   .   (helmet restricted)
rElec    .         Reflect  .   i - +1 cloak
rCorr    .         Harm     .   C - +0 pair of gloves
MR       .....                  (no boots)
Stlth    +.........             N - amulet of rage
HPRegen  0.27/turn              p - ring of protection from fire
MPRegen  0.12/turn              L - ring of see invisible

@: about to teleport, lightly drained
A: retaliatory headbutt, horns 2, thin metallic scales 1, thin skeletal
structure 1, see invisible, low mp 1
a: Wall Jump, Serpent's Lash, Renounce Religion, Evoke Berserk Rage


You were on level 9 of the Dungeon.
You worshipped Wu Jian.
Wu Jian was greatly pleased with you.
You were not hungry.

You visited 2 branches of the dungeon, and saw 11 of its levels.
You also visited: Sewer.

You collected 687 gold pieces.

Inventory:

Hand Weapons
 a - a +0 war axe (weapon)
 t - a cursed -3 mace
 u - a +2 mace of protection
 I - a cursed -3 falchion
Armour
 b - a +0 scale mail (worn)
 c - a +0 shield (worn)
 i - a +1 cloak (worn)
 v - a +0 cloak of invisibility
 w - a +0 chain mail
 C - a +0 pair of gloves (worn)
 R - a +3 scale mail
 T - a +0 plate armour
Magical Staves
 F - an uncursed staff of conjuration {unknown}
Jewellery
 p - a ring of protection from fire (left hand)
 L - a ring of see invisible (right hand)
 N - an amulet of rage (around neck)
Wands
 k - a wand of flame (39)
 M - a wand of polymorph (11)
 O - a wand of acid (6)
 S - a wand of iceblast (3)
Scrolls
 e - 4 scrolls of fog
 g - 4 scrolls of enchant armour
 j - 16 scrolls of identify
 m - 2 scrolls of fear
 n - 5 scrolls of magic mapping
 r - 4 scrolls of teleportation
 y - 2 scrolls of random uselessness
 z - 3 scrolls of immolation
 B - 8 scrolls of remove curse
 D - a scroll of blinking {unknown}
 E - 2 scrolls of amnesia {unknown}
 G - a scroll of acquirement {unknown}
 K - a scroll of enchant weapon {unknown}
 Q - a scroll of brand weapon {unknown}
Potions
 d - 2 potions of flight {unknown}
 o - a potion of berserk rage {unknown}
 q - 2 potions of degeneration {unknown}
 s - 3 potions of lignification {unknown}
 x - 4 potions of curing {unknown}
 A - 5 potions of mutation
 H - 2 potions of cancellation {unknown}
 J - 2 potions of agility {unknown}
 P - 2 potions of ambrosia {unknown}
Comestibles
 f - 9 rations


   Skills:
 * Level 12.0(11.7) Fighting
 * Level 11.7(11.4) Axes
 + Level 9.1(8.8) Armour
 + Level 9.1(8.8) Shields
 - Level 4.0(3.8) Evocations


You had 10 spell levels left.
You didn't know any spells.
Your spell library contained the following spells:

 Spells                   Type           Power        Failure   Level  Hunger
 Confusing Touch          Hex            #.....       95%         1    ##.....
 Infusion                 Chrm           #...         95%         1    ##.....
 Magic Dart               Conj           #...         95%         1    ##.....
 Sandblast                Erth           #.....       95%         1    ##.....
 Sting                    Conj/Pois      #...         95%         1    ##.....
 Summon Small Mammal      Summ           #...         95%         1    ##.....
 Searing Ray              Conj           #.....       99%         2    ###....
 Confuse                  Hex            #.......     100%        3    ####...
 Dazzling Spray           Conj/Hex       #.....       100%        3    ####...
 Gell's Gravitas          Tloc           #.........   100%        3    ####...
 Force Lance              Conj/Tloc      #.......     100%        4    #####..
 Fulminant Prism          Conj/Hex       #.........   100%        4    #####..
 Iskenderun's Mystic Bla  Conj           #.......     100%        4    #####..
 Petrify                  Tmut/Erth      #.......     100%        4    #####..
 Bolt of Magma            Conj/Fire/Erth #.........   100%        5    ######.
 Iskenderun's Battlesphe  Conj/Chrm      #.......     100%        5    ######.
 Metabolic Englaciation   Hex/Ice        #.........   100%        5    ######.
 Venom Bolt               Conj/Pois      #.........   100%        5    ######.
 Yara's Violent Unravell  Hex/Tmut       #.........   100%        5    ######.
 Iron Shot                Conj/Erth      #.........   100%        6    #######
 Orb of Destruction       Conj           #.........   100%        7    #######
 Spellforged Servitor     Conj/Summ      #.........   100%        7    #######


Dungeon Overview and Level Annotations

Branches:
Dungeon (10/15)            Temple (1/1) D:4             Orc (0/2) D:9
   Lair: D:8-11

Altars:
Ashenzari
Cheibriados
Dithmenos
Elyvilon
Fedhas
Gozag
Hepliaklqana
Kikubaaqudgha
Makhleb
Nemelex Xobeh
Okawaru
Qazlal
Ru
Sif Muna
Trog
Uskayaw
Vehumet
Wu Jian
Xom
Yredelemnul
Zin
The Shining One

Shops:
D:4 %   D:5 %}   D:6 *   D:7 [   D:8 =

Annotations:
D:10 Harold


Innate Abilities, Weirdness & Mutations

You reflexively headbutt those who attack you in melee.
You have a pair of horns on your head.
You are partially covered in thin metallic scales. (AC +2)
You have a somewhat thin skeletal structure. (Dex +2, Stealth)
You have supernaturally acute eyesight. (SInv)
Your magical capacity is low. (-10% MP)


Message History

The nine-headed hydra bites you but does no damage. x2
The nine-headed hydra bites you.
* * * LOW HITPOINT WARNING * * *
The nine-headed hydra bites you!
* * * LOW HITPOINT WARNING * * *
The nine-headed hydra bites you but does no damage. x2
You block the nine-headed hydra's attack.
The nine-headed hydra bites you but does no damage.
You block the nine-headed hydra's attack.
As you read the scroll of teleportation, it crumbles to dust.
You feel strangely unstable.
The nine-headed hydra barely misses you.
The nine-headed hydra bites you!
* * * LOW HITPOINT WARNING * * *
The nine-headed hydra bites you!
* * * LOW HITPOINT WARNING * * *
The nine-headed hydra bites you but does no damage. x2
You block the nine-headed hydra's attack.
The nine-headed hydra bites you.
You die...

##### #...##### ########
#.......##### ^......#
#...@D......# ###....#
#..########.# ..#....# #..# #.#
..'....######..# #.#
..#............# #.#########
###...........## #[.........
..>...........# #..........
..............# #[)..>.....
##............#########.[...)....


You could see a nine-headed hydra.

Vanquished Creatures
  A hydra (D:9)
  Nergalle (D:10)
  Joseph (D:7)
  A gargoyle (D:9)
  A troll (D:5)
  Prince Ribbit (D:5)
  Grinder (D:3)
  A vampire (D:9)
  A spriggan (D:8)
  3 yaks (D:9)
  4 wyverns
  A basilisk (D:9)
  2 hungry ghosts
  Duvessa (D:5)
  Purgy (Sewer)
  2 orc warriors (D:10)
  2 black bears
  A sky beast (D:9)
  5 ogres
  A wolf (D:10)
  3 eyes of draining
  3 centaurs
  A big kobold (D:7)
  4 bullfrogs
  Dowan (D:5)
  A water moccasin zombie (D:6)
  4 scorpions
  4 killer bees (D:8)
  An electric eel (D:10)
  10 wights
  7 howler monkeys
  5 crimson imps
  An orc priest (D:5)
  Crazy Yiuf (D:2)
  6 hounds
  3 jellies
  A centaur skeleton (D:4)
  13 orc wizards
  3 iguanas
  Terence (D:3)
  Jessica (D:2)
  A bullfrog skeleton (D:9)
  7 worker ants
  A bullfrog simulacrum (D:10)
  A hound zombie (D:6)
  3 hound skeletons
  Robin (D:2)
  A worker ant zombie (D:8)
  8 adders
  11 gnolls
  A howler monkey skeleton (D:6)
  A river rat (D:4)
  A hound simulacrum (D:10)
  2 white imps (D:10)
  An ufetubus (D:10)
  2 oozes (D:2)
  A worm (D:2)
  A dart slug (D:1)
  7 leopard geckos
  19 orcs
  10 bats
  10 giant cockroaches
  21 goblins
  11 hobgoblins
  6 jackals
  6 quokkas
  3 ball pythons
  15 frilled lizards
  A jackal skeleton (D:5)
  11 kobolds
  A leopard gecko skeleton (D:5)
  2 quokka skeletons
  12 rats
  4 fungi (D:2)
289 creatures vanquished.

Notes
Turn   | Place    | Note
-------+----------+-------------------------------------------
     0 | D:1      | FluffierThanThou the Minotaur Fighter began the quest for
                  | the Orb.
     0 | D:1      | Reached XP level 1. HP: 19/19 MP: 0/0
   135 | D:1      | Reached skill level 4 in Fighting
   135 | D:1      | Reached XP level 2. HP: 26/27 MP: 1/1
   609 | D:1      | Reached XP level 3. HP: 26/33 MP: 2/2
   801 | D:2      | Noticed Robin
   812 | D:2      | Killed Robin
  1009 | D:2      | Noticed Jessica
  1015 | D:2      | Killed Jessica
  1015 | D:2      | Reached XP level 4. HP: 34/41 MP: 3/3
  1530 | D:2      | Found a runed translucent door.
  1568 | D:2      | Noticed Crazy Yiuf
  1574 | D:2      | Killed Crazy Yiuf
  1574 | D:2      | Reached skill level 5 in Fighting
  1574 | D:2      | Reached XP level 5. HP: 48/48 MP: 4/4
  1740 | D:3      | Noticed Grinder
  1756 | D:3      | Paralysed by Grinder for 6 turns
  1767 | D:3      | Killed Grinder
  1767 | D:3      | Reached skill level 1 in Evocations
  1767 | D:3      | Reached XP level 6. HP: 24/57 MP: 5/5
  2032 | D:3      | Noticed Terence
  2039 | D:3      | Killed Terence
  2094 | D:3      | Found a shattered altar of Ashenzari.
  2213 | D:3      | Reached skill level 5 in Axes
  2241 | D:3      | Found a radiant altar of Vehumet.
  2407 | D:3      | Found a sparkling altar of Nemelex Xobeh.
  2451 | D:3      | Found a sacrificial altar of Ru.
  2638 | D:3      | Found an ancient bone altar of Kikubaaqudgha.
  3048 | D:4      | Found a blossoming altar of Fedhas.
  3053 | D:4      | Reached skill level 5 in Shields
  3068 | D:4      | Reached skill level 6 in Fighting
  3068 | D:4      | Reached skill level 5 in Armour
  3252 | D:4      | Reached XP level 7. HP: 63/63 MP: 7/7
  3256 | D:4      | Found a glowing drain.
  3274 | Sewer    | Entered a sewer
  3306 | Sewer    | Noticed Purgy
  3313 | Sewer    | Killed Purgy
  3520 | D:4      | Found Coicysur's Food Shoppe.
  3531 | D:4      | Found a staircase to the Ecumenical Temple.
  3541 | Temple   | Entered the Ecumenical Temple
  3714 | Temple   | Became a worshipper of the Wu Jian Council
  3930 | D:5      | Entered Level 5 of the Dungeon
  4153 | D:5      | You fall through a shaft for 3 floors!
  4231 | D:8      | Reached skill level 7 in Fighting
  4273 | D:8      | Reached XP level 8. HP: 51/73 MP: 8/8
  4848 | D:8      | Reached skill level 8 in Fighting
  4867 | D:8      | Reached * piety under Wu Jian
  4986 | D:8      | Reached XP level 9. HP: 68/82 MP: 10/10
  4993 | D:7      | Noticed Joseph
  5016 | D:7      | Killed Joseph
  5137 | D:7      | Identified Nexzy's Witchery, Part One
  5162 | D:7      | Reached skill level 9 in Fighting
  5354 | D:5      | Found Ynweh's Food Emporium.
  5354 | D:5      | Found Yla Tieri's Gadget Shop.
  5382 | D:5      | Noticed Prince Ribbit
  5396 | D:5      | Killed Prince Ribbit
  5527 | D:5      | Reached ** piety under Wu Jian
  5802 | D:5      | Noticed Duvessa
  5805 | D:5      | Noticed Dowan
  5811 | D:5      | Killed Duvessa
  5819 | D:5      | Killed Dowan
  5938 | D:5      | Noticed a troll
  5957 | D:5      | Killed a troll
  5957 | D:5      | Reached skill level 10 in Fighting
  6220 | D:6      | Found Loijiheg's Elemental Accessories.
  6313 | D:6      | Reached XP level 10. HP: 86/93 MP: 12/12
  6890 | D:7      | Found Senkekk's Antique Armour Emporium.
  6942 | D:7      | Reached *** piety under Wu Jian
  6950 | D:7      | Found a deep blue altar of Sif Muna.
  7326 | D:8      | Reached skill level 10 in Axes
  7799 | D:8      | Found Carcholiw's Jewellery Shoppe.
  8487 | D:8      | Found a basalt altar of Yredelemnul.
  8584 | D:9      | Found a staircase to the Orcish Mines.
  8741 | D:9      | Found a white marble altar of Elyvilon.
  8922 | D:9      | Reached skill level 11 in Fighting
  8932 | D:9      | Noticed a six-headed hydra
  8939 | D:9      | Killed a 12-headed hydra
  9255 | D:9      | Reached **** piety under Wu Jian
  9601 | D:10     | Entered Level 10 of the Dungeon
  9602 | D:10     | Noticed Nergalle
  9626 | D:10     | Killed Nergalle
  9626 | D:10     | Reached XP level 11. HP: 55/104 MP: 13/13
 10288 | D:10     | Noticed Harold
 10288 | D:10     | Noticed a seven-headed hydra
 10295 | D:10     | Gained mutation: You have a somewhat thin skeletal
                  | structure. (Dex +2, Stealth) [potion of mutation]
 10295 | D:10     | Gained mutation: Your magical capacity is low. (-10% MP)
                  | [potion of mutation]
 10295 | D:10     | Gained mutation: You are partially covered in thin metallic
                  | scales. (AC +2) [potion of mutation]
 10295 | D:10     | Gained mutation: You have supernaturally acute eyesight.
                  | (SInv) [potion of mutation]
 10296 | D:10     | HP: 5/104 [seven-headed hydra (1)]
 10296 | D:10     | HP: 1/104 [seven-headed hydra (4)]
 10302 | D:10     | HP: 3/104 [ufetubus (3)]
 10308 | D:10     | HP: 4/104 [ufetubus (3)]
 10754 | D:9      | Reached skill level 12 in Fighting
 10870 | D:9      | HP: 4/104 [nine-headed hydra (9)]
 10870 | D:9      | Slain by a nine-headed hydra

Skill      XL: |  1  2  3  4  5  6  7  8  9 10 11 |
---------------+----------------------------------+-----
Fighting       | 4 5 6 7 8 10 11 12 | 12.0
Armour         | 4 5 6 7 8 9 |  9.1
Axes           | 3 4 5 6 7 9 11 | 11.7
Shields        | 4 5 6 7 9 |  9.1
Evocations     | 1 2 3 4 |  4.0

Action                   |  1- 3 |  4- 6 |  7- 9 | 10-12 || total
-------------------------+-------+-------+-------+-------++-------
Melee: War axe           |    59 |   168 |   383 |   321 ||   931
       Headbutt          |     9 |    30 |    71 |    69 ||   179
Invok: Lunge             |       |       |    14 |    14 ||    28
       Whirlwind         |       |       |    30 |    67 ||    97
       Serpent's Lash    |       |       |       |     2 ||     2
 Abil: Wall Jump         |       |       |     1 |     4 ||     5
       Evoke Invisibilit |       |       |     1 |       ||     1
       Evoke Berserk Rag |       |       |       |     2 ||     2
  Use: Potion            |     1 |       |     1 |     8 ||    10
       Scroll            |       |       |       |    11 ||    11
 Stab: Distracted        |       |       |     1 |       ||     1
       Invisible         |       |       |     2 |       ||     2
  Eat: Chunk             |       |     4 |     5 |     1 ||    10
       Ration            |       |     1 |     7 |     5 ||    13
Armor: Scale mail        |    33 |    25 |       |    98 ||   156
       Chain mail        |       |    48 |   187 |    64 ||   299
Dodge: Dodged            |    26 |    40 |    74 |    90 ||   230
Block: Shield            |    45 |    83 |   230 |   192 ||   550
